 Dungeon Crawl Stone Soup version 0.18-a0-596-g6468885 (webtiles) character file.

35 4thArraOfDagon the Scratcher (level 3, -4/17 HPs)
             Began as a Felid Fighter on Dec 3, 2015.
             Slain by Menkaure (21 damage)
             ... on level 6 of the Dungeon.
             The game lasted 00:05:16 (991 turns).

4thArraOfDagon the Scratcher (Felid Fighter)         Turns: 991, Time: 00:05:16

Health: -4/17      AC:  1    Str: 12    XL:     3   Next: 17%
Magic:  4/4        EV: 19    Int:  9    God:
Gold:   148        SH:  0    Dex: 16    Spells: 0 memorised, 2 levels left
                                        Lives:  0   Deaths: 1

rFire  . . .     SeeInvis +       - Unarmed
rCold  . . .     Clarity  .     (armour unavailable)
rNeg   . . .     SustAt   .     (shield unavailable)
rPois  .         Gourm    .     (helmet unavailable)
rElec  .         Spirit   .     (cloak unavailable)
rCorr  .         Dismiss  .     (gloves unavailable)
rMut   .         Rnd*Tele +     (boots unavailable)
MR     .....                    (no amulet)
Stlth  +++.......               a - ring of see invisible
                                d - ring of teleportation (curse)

@: quick, not resistant to hostile enchantments, fairly stealthy
A: no armour, no weapons or thrown items, claws 1, fangs 3, see invisible,
carnivore 3, speed 1, shaggy fur 1, slow metabolism 1, sharp paws
a: Evoke Teleportation


You were on level 6 of the Dungeon.
You were full.

You visited 1 branch of the dungeon, and saw 7 of its levels.

You collected 148 gold pieces.

Inventory:

Jewellery
 a - a ring of see invisible (right paw)
 d - a cursed ring of teleportation (left paw)
 f - an uncursed amulet of stasis
Wands
 c - a wand of frost (9)
Scrolls
 i - a scroll of identify {unknown}
Potions
 e - a potion of haste
Books
 h - a book of Death

   Spells                             Type                      Level
   a - Corpse Rot                     Necromancy                   2
   b - Sublimation of Blood           Necromancy                   2
   c - Agony                          Necromancy                   5
   d - Dispel Undead                  Necromancy                   5
   e - Excruciating Wounds            Charms/Necromancy            5
   f - Bolt of Draining               Conjuration/Necromancy       5
 j - a book of Annihilations

   Spells                             Type                      Level
   a - Poison Arrow                   Conjuration/Poison           6
   b - Chain Lightning                Conjuration/Air              8
   c - Lehudib's Crystal Spear        Conjuration/Earth            8
   d - Glaciate                       Conjuration/Ice              9
   e - Fire Storm                     Conjuration/Fire             9
Comestibles
 b - 2 meat rations
 g - 2 beef jerkies


   Skills:
 + Level 3.2 Fighting
 + Level 4.5 Dodging
 * Level 3.0 Stealth
 * Level 4.6 Unarmed Combat
 + Level 0.9 Evocations


You had 2 spell levels left.
You didn't know any spells.

Dungeon Overview and Level Annotations

Branches:
Dungeon (7/15)
 Temple: D:4-7

Altars:
Qazlal
Vehumet
Xom

Shops:
D:4 *

Annotations:
D:6 Menkaure, Sigmund


Innate Abilities, Weirdness & Mutations

You cannot wear armour.
You are incapable of wielding weapons or throwing items.
You have sharp claws.
You have razor-sharp teeth.
You have supernaturally acute eyesight.
You are carnivorous and can eat meat at any time.
You cover ground quickly.
You are covered in fur (AC +1).
You have a slow metabolism.
Your sharp claws are effective at attacking unaware monsters.


Message History

There is a stone staircase leading up here.
You climb upwards.
There is a stone staircase leading down here.
Unknown command.
Sigmund the Dreaded comes into view.
He is wielding an antimagic scythe.
Unknown command.
Unknown command.
Unknown command.
Menkaure, Prince of Dust comes into view.
Unknown command.
Unknown command.
You pounce on the unaware helpless Menkaure!
You claw Menkaure!
Menkaure is severely damaged.
Unknown command.
You completely miss Menkaure.
Menkaure is severely damaged.
Menkaure hits you!!
Ouch! That really hurt!
You die...

..# ...##
#...## .....#
#@..# #..#####
#.######.......
#....M@...#
#.######..#
.........#
########.# #.#
#.# #.#
#.#######
#######
##.#......


You could see Menkaure.

Vanquished Creatures
  A scorpion (D:5)
  A worm (D:2)
  6 orcs
  2 bats (D:1)
  2 giant cockroaches
  A goblin (D:1)
  A hobgoblin (D:1)
  A giant gecko (D:4)
  A giant newt (D:1)
  A kobold (D:1)
  A quokka skeleton (D:7)
  A rat (D:1)
19 creatures vanquished.

Vanquished Creatures (others)
  A giant gecko (D:4)
  A quokka skeleton (D:4)
2 creatures vanquished.

Grand Total: 21 creatures vanquished

Notes
Turn   | Place    | Note
--------------------------------------------------------------
     0 | D:1      | 4thArraOfDagon the Felid Fighter began the quest for the Orb.
     0 | D:1      | Reached XP level 1. HP: 10/10 MP: 2/2
   252 | D:1      | Reached skill level 1 in Stealth
   322 | D:2      | Reached XP level 2. HP: 14/14 MP: 3/3
   482 | D:4      | meh
   489 | D:4      | Found Hablezani's Assorted Antiques.
   544 | D:4      | Found a radiant altar of Vehumet.
   554 | D:4      | Noticed a scorpion
   555 | D:4      | Found a stormy altar of Qazlal.
   559 | D:5      | Entered Level 5 of the Dungeon
   643 | D:5      | Noticed a scorpion
   656 | D:5      | Killed a scorpion
   656 | D:5      | Reached XP level 3. HP: 2/17 MP: 4/4
   656 | D:5      | Reached XP level 4. HP: 2/21 MP: 5/5
   656 | D:5      | HP: 1/21 [poisoned by a scorpion]
   656 | D:5      | Slain by an orc
   657 | D:5      | Reached XP level 3. HP: -2/17 MP: 4/4
   879 | D:6      | Found a shimmering altar of Xom.
   899 | D:7      | Noticed an orc warrior
   984 | D:6      | Noticed Sigmund
   987 | D:6      | Noticed Menkaure
   991 | D:6      | Slain by Menkaure

Vault maps used:
D:1:      dpeg_arrival_connections, hangedman_decor_riveting
D:2:      cheibriados_altar_1, nemelex_spade_bored_becter
D:3:      minmay_misc_feat_chi, minivault_25, uniq_robin
D:4:      fiery_altar_vehumet, grunt_qazlal_clouds, gup_sewer_entry_bubbles,
          serial_shops, shop, kennysheep_small_square
D:5:      first_bread, serial_shops, kennysheep_mini, grunt_decor_mini_mirrors,
          uniq_eustachio
D:6:      minmay_temple_entry_grid, moated_statue, hangedman_decor_peaks_small,
          dk_xom_monty_hall, uniq_sigmund, uniq_menkaure
D:7:      minitemple, gammafunk_temple_overflow_pools, the_bakery,
          grunt_ministairs_1, uniq_prince_ribbit1

Action                   |  1- 3 |  4- 6 || total
-------------------------+-------+-------++-------
Melee: Unarmed           |    51 |       ||    51
 Abil: Evoke Teleportati |     2 |       ||     2
  Use: Scroll            |     4 |       ||     4
       Potion            |     1 |       ||     1
 Stab: Sleeping          |     8 |       ||     8
  Eat: Chunk             |     6 |       ||     6
